 Dungeon Crawl Stone Soup version 0.22-a0-558-gc224181 (webtiles) character file.

98 pk666 the Magician (level 4, -4/24 HPs)
             Began as a Deep Elf Wizard on June 26, 2018.
             Slain by an orc
             ... wielding a +0 morningstar
              (13 damage)
             ... on level 3 of the Dungeon.
             The game lasted 00:03:05 (1980 turns).

pk666 the Magician (Deep Elf Wizard)                Turns: 1980, Time: 00:03:05

Health: -4/24      AC:  2    Str:  4    XL:     4   Next: 44%
Magic:  7/13       EV: 13    Int: 24    God:
Gold:   71         SH:  0    Dex: 13    Spells: 5/14 levels left

rFire    . . .     SeeInvis .   (no weapon)
rCold    . . .     Gourm    .   (no shield)
rNeg     . . .     Faith    .   a - +0 robe
rPois    .         Spirit   .   b - +0 hat
rElec    .         Reflect  .   (no cloak)
rCorr    .         Harm     .   (no gloves)
MR       +....                  (no boots)
Stlth    ++........             (no amulet)
HPRegen  0.08/turn              i - ring of protection from magic
MPRegen  0.13/turn              (no ring)

@: no status effects
A: no striking features
a: no special abilities


You were on level 3 of the Dungeon.
You were very hungry.

You visited 1 branch of the dungeon, and saw 3 of its levels.

You collected 71 gold pieces.

Inventory:

Armour
 a - a +0 robe (worn)
 b - a +0 hat (worn)
Jewellery
 i - a ring of protection from magic (left hand)
Scrolls
 e - 3 scrolls of identify {unknown}
 f - a scroll of random uselessness {unknown}
 g - 3 scrolls of teleportation {unknown}
 h - a scroll of enchant weapon {unknown}
Potions
 c - a potion of curing {unknown}
 j - a potion of cancellation {unknown}
 k - a potion of mutation {unknown}
 l - a potion of ambrosia {unknown}
Comestibles
 d - 6 rations


   Skills:
 - Level 2.4 Dodging
 - Level 2.4 Stealth
 + Level 5.9 Spellcasting
 + Level 3.3 Conjurations
   Level 1.1 Summonings
 - Level 1.1 Translocations
 + Level 0.5 Fire Magic


You had 5 spell levels left.
You knew the following spells:

 Your Spells              Type           Power        Failure   Level  Hunger
a - Magic Dart            Conj           ###.         1%          1    None
b - Blink                 Tloc           N/A          8%          2    None
c - Conjure Flame         Conj/Fire      ###.....     11%         3    #......
d - Mephitic Cloud        Conj/Pois/Air  ##......     16%         3    #......

Your spell library contained the following spells:

 Spells                   Type           Power        Failure   Level  Hunger
 Slow                     Hex            #.......     12%         2    None
 Call Imp                 Summ           ##......     8%          2    None


Dungeon Overview and Level Annotations

Branches:
Dungeon (3/15)

Altars:


Message History

You are feeling very hungry.
The goblin hits you. The orc hits you with a morningstar!
Casting: Magic Dart (safe; 1% risk of failure)
Confirm with . or Enter, or press ? or * to list all spells.
Aiming: Magic Dart (safe; 1% risk of failure)
Press: ? - help, Shift-Dir - straight line, f/p - orc
Aim: an orc, wielding a morningstar and wearing a chain mail (moderately wounded)
The magic dart hits the orc.
The orc is moderately wounded.
The goblin completely misses you.
Casting: Magic Dart (safe; 1% risk of failure)
Confirm with . or Enter, or press ? or * to list all spells.
Aiming: Magic Dart (safe; 1% risk of failure)
Press: ? - help, Shift-Dir - straight line, f/p - orc
Aim: an orc, wielding a morningstar and wearing a chain mail (moderately wounded)
The magic dart hits the orc.
The orc is severely wounded.
The orc hits you with a morningstar!
Ouch! That really hurt!
You die...

##.##................#
#...#........#.##....#
##...##.......#.#
....#
#.....#......##.#
......
#.....#......##..
.....
#............####
..... #........h.#o#
#..........#o#
#######'####@# ....
#g# ....... #..
.......##...
(......##....
......oo##.....
................<
#......h


You could see 2 orcs, a jackal and a goblin.

Vanquished Creatures
  5 adders (D:2)
  An ooze (D:1)
  A leopard gecko (D:2)
  4 bats
  4 giant cockroaches
  7 goblins
  5 hobgoblins
  4 jackals
  A ball python (D:2)
  5 frilled lizards
  7 kobolds
  4 rats (D:2)
48 creatures vanquished.

Vanquished Creatures (others)
  A toadstool (D:1)
1 creature vanquished.

Grand Total: 49 creatures vanquished

Notes
Turn   | Place    | Note
-------+----------+-------------------------------------------
     0 | D:1      | pk666 the Deep Elf Wizard began the quest for the Orb.
     0 | D:1      | Reached XP level 1. HP: 10/10 MP: 7/7
   297 | D:1      | Reached XP level 2. HP: 15/15 MP: 3/9
   494 | D:1      | Reached skill level 5 in Spellcasting
   916 | D:2      | Reached XP level 3. HP: 19/19 MP: 9/11
  1293 | D:2      | Reached XP level 4. HP: 24/24 MP: 6/13
  1314 | D:2      | Learned a level 2 spell: Blink
  1318 | D:2      | Learned a level 3 spell: Conjure Flame
  1322 | D:2      | Learned a level 3 spell: Mephitic Cloud
  1980 | D:3      | Slain by an orc

Vault maps used:
D:1:      nagdon_arrival_zigzag_paths, hangedman_decor_clover_reticule
D:2:      first_ration, minmay_hexomino_c4
D:3:      serial_corexii_hall, corexii_hall_statues_x, corexii_hall_statues_x,
          nicolae_ashenzari_panopticon

Skill      XL: |  1  2  3 |
---------------+----------+-----
Conjurations   | 2 3 |  3.3
Spellcasting   | 5 |  5.9
Dodging        | |  2.4
Stealth        | |  2.4
Summonings     | |  1.1
Translocations | |  1.1
Fire Magic     | |  0.5

Action                   |  1- 3 |  4- 6 || total
-------------------------+-------+-------++-------
 Cast: Magic Dart        |    77 |    26 ||   103
  Eat: Chunk             |     1 |     1 ||     2
Armor: Robe              |     1 |     2 ||     3
Dodge: Dodged            |    11 |     2 ||    13

Table legend:
 A = Spawn XP
 B = Non-spawn XP
 C = Spawn XP percentage of total XP
 D = Spawn monster count
 E = Non-spawn monster count
 F = Spawn count percentage of total count
 G = Total turns spent on level
                    A         B        C        D         E        F      G
               +---------+---------+-------+---------+---------+-------+---------
         Total |       0 |     141 |   0.0 |       0 |      48 |   0.0 |  1980
               +---------+---------+-------+---------+---------+-------+---------
           D:1 |       0 |      40 |   0.0 |       0 |      21 |   0.0 |   915
           D:2 |       0 |      97 |   0.0 |       0 |      25 |   0.0 |  1008
           D:3 |       0 |       4 |   0.0 |       0 |       2 |   0.0 |    57
               +---------+---------+-------+---------+---------+-------+---------
